 Dungeon Crawl Stone Soup version 0.31.0-9-g3a7656b989 (webtiles) character file.

Game seed: 18220981119884546556

307 qw the Shooter (level 5, 0/42 HPs)
             Began as a Demigod Hunter on Feb 2, 2024.
             Slain by an orc
             ... wielding a +0 trident
              (3 damage)
             ... on level 3 of the Dungeon.
             The game lasted 00:00:08 (2474 turns).

qw the Shooter (Demigod Hunter)                     Turns: 2474, Time: 00:00:09

Health: 0/42       AC:  7    Str: 12    XL:     5   Next: 94%
Magic:  7/7        EV: 11    Int: 11    God:
Gold:   95         SH:  0    Dex: 27    Spells: 4/4 levels left

rFire   . . .        a - +1 shortbow
rCold   . . .        (shield currently unavailable)
rNeg    . . .        d - +0 ring mail
rPois   .            (no helmet)
rElec   .            (no cloak)
rCorr   .            g - +1 pair of gloves
SInv    .            (no boots)
Will    .....        (no amulet)
Stlth   ++           f - +6 ring of dexterity
HPRegen 0.27/turn    (no ring)
MPRegen 0.10/turn

%: no passive effects
@: no status effects
A: high MP 1, forlorn, divine attributes
a: no special abilities


You were on level 3 of the Dungeon.
You visited 1 branch of the dungeon, and saw 3 of its levels.

You collected 95 gold pieces.


Innate Abilities, Weirdness & Mutations

You have an increased reservoir of magic. (+10% MP)
You shall have no god before yourself.
Your divine heritage dramatically boosts your attributes as you level up.


   Skills:
 + Level 2.7 Fighting
 - Level 6.0 Ranged Weapons
 - Level 1.5 Armour
 - Level 2.1 Dodging
 - Level 0.8 Stealth


You had 4 spell levels left.
You didn't know any spells.
Your spell library was empty.

Inventory:

Hand Weapons
 a - a +1 shortbow (weapon)
Armour
 d - a +0 ring mail (worn)
 g - a +1 pair of gloves (worn)
Jewellery
 f - a +6 ring of dexterity (left hand)
Scrolls
 b - a scroll of teleportation {unknown}
Potions
 c - 2 potions of curing
 j - a potion of enlightenment

Dungeon Overview and Level Annotations

Branches:
Dungeon (3/15)


Message History

The orc priest hits you from afar with a +0 trident.
The orc closely misses you. The orc priest barely misses you.
The crimson imp closely misses you.
You shoot an arrow. The arrow hits the crimson imp!
You kill the crimson imp!
The orc hits you but does no damage.
The orc priest hits you from afar with a +0 trident.
You shoot an arrow. The arrow closely misses the orc.
You hear a shout!
The orc hits you with a +0 dagger.
You shoot an arrow. The arrow hits the orc.
The orc is lightly wounded.
The orc hits you with a +0 dagger.
You shoot an arrow. The arrow closely misses the orc.
The arrow hits the orc priest.
The orc priest is moderately wounded.
The orc closely misses you.
An orc priest comes into view. It is wielding a +0 club.
The orc priest hits you from afar with a +0 trident.
The orc misses you.
You shoot an arrow. The arrow hits the orc!
You kill the orc!
The orc priest barely misses you. The orc completely misses you.
The orc hits you but does no damage.
The orc priest hits you but does no damage.
You shoot an arrow. The arrow hits the orc priest.
The orc priest is heavily wounded.
The orc priest calls upon Beogh to heal the orc priest.
The orc priest is healed somewhat.
The orc hits you from afar with a +0 trident.
The orc priest hits you but does no damage.
You shoot an arrow. The arrow barely misses the orc priest.
The orc priest mumbles some strange prayers to Beogh against you.
Beogh smites you!
The orc hits you from afar with a +0 trident.
You shoot an arrow. The arrow hits the orc priest.
The orc priest is heavily wounded.
The orc priest barely misses you.
The orc hits you from afar with a +0 trident.
You die...

# #¤#5# .## ###...#
..# #55._.+ #.#
#.#¤..# ####+# #.#
#.#^#¤# #.....
#.###.#¤#.# #.....#
#.#...#####
###.....###.(.###...#
............>...@(..#
###......###.####)..#
#......# #.# oo.#
#......# #.# o...#
#......# #.# ....#
#......# #.# ....#
########.###.# ....#
...........#.# ....#
...#####.#.#.#


You could see 2 orc priests and an orc.

Vanquished Creatures
  2 crimson imps (D:3)
  A hound (D:3)
  A gnoll bouda (D:2)
  Jessica (D:2)
  6 gnolls (D:2)
  2 adders (D:2)
  4 ribbon worms (D:2)
  3 dart slugs
  2 orcs (D:3)
  6 ball pythons
  9 endoplasms
  A giant cockroach (D:2)
  4 goblins
  3 hobgoblins
  4 jackals (D:2)
  3 quokkas
  3 bats
  3 frilled lizards (D:1)
  4 kobolds
  3 rats
65 creatures vanquished.

Notes
Turn   | Place    | Note
-------+----------+-------------------------------------------
     0 | D:1      | qw the Demigod Hunter began the quest for the Orb.
     0 | D:1      | Reached XP level 1. HP: 17/17 MP: 3/3
     0 | D:1      | 0 ||| qw: Version: 0.3-a-155-g5e7d8dd
     0 | D:1      | 0 ||| qw: Game counter: 341
     0 | D:1      | 0 ||| qw: Melee chars always use a shield: true
     0 | D:1      | 0 ||| qw: God list: Okawaru
     0 | D:1      | 0 ||| qw: Allow faded altars: false
     0 | D:1      | 0 ||| qw: Do Orc after clearing Dungeon:15 true
     0 | D:1      | 0 ||| qw: Do second Lair branch before Depths: true
     0 | D:1      | 0 ||| qw: Lair rune preference: random
     0 | D:1      | 0 ||| qw: Goals: Normal
     0 | D:1      | 0 ||| PLANNING D:1-11
   103 | D:1      | Reached skill level 4 in Ranged Weapons
   137 | D:1      | Reached XP level 2. HP: 24/24 MP: 4/4
   857 | D:1      | 857 ||| UPGRADING to +0 ring mail.
   867 | D:1      | 867 ||| DROPPING +0 leather armour.
   868 | D:1      | 868 ||| UPGRADING to +0 pair of gloves.
   873 | D:1      | 873 ||| UPGRADING to +6 ring of dexterity.
   874 | D:1      | 874 ||| READING scroll labelled NUPHUAGOJA.
   875 | D:1      | 875 ||| READING 2 scrolls labelled ZOHIFA DUKOTOE.
   875 | D:1      | 875 ||| IDENTIFYING grey potion
   876 | D:1      | 876 ||| READING scroll of identify.
   876 | D:1      | 876 ||| IDENTIFYING fizzy brown potion
   877 | D:1      | 877 ||| DRINKING 2 fuming grey potions.
   878 | D:1      | 878 ||| DRINKING potion of curing.
   878 | D:1      | 878 ||| (to cure confusion)
   879 | D:1      | 879 ||| DRINKING 2 bubbling yellow potions.
   880 | D:1      | 880 ||| DROPPING scroll of butterflies.
   881 | D:1      | 881 ||| DROPPING potion of ambrosia.
   907 | D:2      | 907 ||| RETREEEEATING.
   913 | D:2      | Reached XP level 3. HP: 29/29 MP: 5/5
  1024 | D:2      | Reached skill level 5 in Ranged Weapons
  1030 | D:2      | Reached XP level 4. HP: 31/36 MP: 6/6
  1043 | D:2      | Reached skill level 1 in Armour
  1043 | D:2      | HP: 6/36 [ribbon worm (7)]
  1044 | D:2      | 1044 ||| DRINKING potion of heal wounds.
  1831 | D:2      | Reached XP level 5. HP: 39/41 MP: 7/7
  2212 | D:2      | Noticed Jessica
  2218 | D:2      | Killed Jessica
  2246 | D:2      | 2246 ||| READING scroll of identify.
  2246 | D:2      | 2246 ||| IDENTIFYING scroll labelled SAJAKU VEDARU
  2247 | D:2      | 2247 ||| READING scroll of enchant armour.
  2247 | D:2      | 2247 ||| ENCHANTING +0 pair of gloves.
  2248 | D:2      | 2248 ||| READING scroll labelled PONIVVOMAI.
  2248 | D:2      | 2248 ||| ENCHANTING +0 shortbow.
  2445 | D:3      | Reached skill level 6 in Ranged Weapons
  2473 | D:3      | HP: 6/42 [orc priest/divine providence (13)]
  2474 | D:3      | Slain by an orc

Levels and vault maps discovered:
D:1:      amcnicky_arrival_gap_in_the_tavern_cellar, layout_basic,
          dreamdust_ecumenical_altar_angels_and_demons, minmay_indecisive_spiral
D:2:      layout_basic, basic_altar, chequers_arboretum,
          minmay_misc_feat_hallway, st_stairs_13, uniq_jessica
D:3:      layout_basic, led_xom_imps, minmay_misc_feat_plants, uniq_grinder,
          uniq_ijyb

Skill      XL: |  1  2  3  4  5 |
---------------+----------------+-----
Ranged Weapons | 4 5 6 |  6.0
Fighting       | 2 |  2.7
Dodging        | 2 |  2.1
Armour         | 1 |  1.5
Stealth        | |  0.8

Action                     |  1- 3 |  4- 6 || total
---------------------------+-------+-------++-------
   Fire: Shortbow          |   100 |   149 ||   249
    Use: Potion            |     3 |     1 ||     4
         Scroll            |     3 |     3 ||     6
 Armour: Leather armour    |    22 |       ||    22
         Ring mail         |    28 |   111 ||   139
  Dodge: Dodged            |    48 |    90 ||   138

Table legend:
 A = Non-vault XP
 B = Vault XP
 C = Vault XP percentage of total XP
 D = Non-vault monster count
 E = Vault monster count
 F = Vault count percentage of total count
                 A         B        C        D         E       F
            +---------+---------+-------+---------+---------+-------
      Total |     253 |     186 |  42.4 |      56 |       9 |  13.8
            +---------+---------+-------+---------+---------+-------
        D:1 |      26 |       7 |  21.2 |      16 |       4 |  20.0
        D:2 |     169 |      81 |  32.4 |      33 |       3 |   8.3
        D:3 |      58 |      98 |  62.8 |       7 |       2 |  22.2
            +---------+---------+-------+---------+---------+-------
